Cogmind - Beta 13 @@@ ROGUE MODE // 2024.04.15 @ 21:14:48 Player: SpaceWalrus Result: Destroyed by S-10 Pest with Light Assault Rifle Performance ------------- Evolutions (0) 0 Regions Visited (2) 400 Robots Destroyed (26) 130 Value Destroyed (462) 462 Prototype IDs (2) 40 Alien Tech Used (0) 0 Bonus (0) 0 TOTAL SCORE: 1032 Bonus ------- None Cogmind --------- Core Integrity 0/250 Matter 288/300 Energy 250/250 System Corruption 0% Temperature Cool (44) Movement Walking (190) Ox1 Location -10/Mines Parts ------- > --- POWER (1) -------- Ion Engine > --- PROPULSION (2) --- Aluminum Leg Aluminum Leg > --- UTILITY (2) ------ Medium Storage Unit Structural Scanner > --- WEAPON (2) ------- Medium Laser Heavy Assault Rifle > --- INVENTORY (10) --- Signal Interpreter Targeting Computer Light Armor Plating Heavy EM Pulse Gun Heavy EM Pulse Gun Heavy Assault Rifle Heavy Assault Rifle Peak State ------------ > --- POWER ------------ Ion Engine > --- PROPULSION ------- Aluminum Leg Aluminum Leg > --- UTILITY ---------- Improved Terrain Scanner Seismic Detector > --- WEAPON ----------- Heavy Assault Rifle Heavy Assault Rifle > --- INVENTORY -------- Ion Engine Small Storage Unit Heavy EM Pulse Gun Heavy EM Pulse Gun [Rating: 11] Favorites ----------- Power Ion Engine Engine Ion Engine Propulsion Aluminum Leg Leg Aluminum Leg Utility Medium Storage Unit Device Seismic Detector Storage Medium Storage Unit Processor Signal Interpreter Protection Light Armor Plating Weapon Heavy Assault Rifle Energy Gun Heavy EM Pulse Gun Ballistic Gun Heavy Assault Rifle Build | -11 -10 -10 ------- Run | Yrd Mat Min Slots Evolved . | . . . Power . | . . . Propulsion . | . . . Utility . | . . . Weapon . | . . . Parts Attached 36 | 10 14 12 Power 3 | 1 1 1 Engine 3 | 1 1 1 Core . | . . . Reactor . | . . . Propulsion 6 | 2 2 2 Treads . | . . . Leg 6 | 2 2 2 Wheel . | . . . Hover . | . . . Flight . | . . . Utility 13 | 3 5 5 Device 5 | 2 . 3 Storage 3 | 1 2 . Processor 2 | . 2 . Hackware . | . . . Protection 3 | . 1 2 Artifact . | . . . Weapon 14 | 4 6 4 Energy Gun 6 | 1 3 2 Energy Cannon . | . . . Ballistic Gun 8 | 3 3 2 Ballistic Cannon . | . . . Launcher . | . . . Special Weapon . | . . . Impact Weapon . | . . . Slashing Weapon . | . . . Piercing Weapon . | . . . Special Melee Weapon . | . . . Unidentified Prototypes . | . . . Parts Lost 3 | . 1 2 Power 1 | . . 1 Propulsion 1 | . . 1 Utility . | . . . Weapon 1 | . 1 . Highest Loss Streak 2 | . 1 2 To Critical Strikes . | . . . Average Slot Usage (%) 98 | . 99 97 Engine 13 | . 14 12 Leg 27 | . 28 26 Device 10 | . 10 9 Storage 9 | . 4 14 Processor 4 | . 8 . Protection 4 | . 3 4 Energy Gun 14 | . 19 10 Ballistic Gun 13 | . 8 17 Naked Turns . | . . . Heaviest Build 24 | 13 24 24 Greatest Support 20 | 20 20 20 Greatest Overweight (x) 2 | 2 1 1 Average Overweight (x) . | . . 1 Largest Inventory Capacity 10 | 8 10 10 Average Capacity 8 | 6 6 10 Most Carried 10 | 5 10 10 Average Carried 7 | 2 5 8 Final Capacity 10 | 5 10 10 Final Carried 10 | 3 10 7 Class Distribution -------------------- 100% | Mutant Dominant Class ---------------- Mutant | -10/Materials Mutant | -10/Mines Resources | -11 -10 -10 ----------- Run | Yrd Mat Min Matter Collected 838 | 344 210 284 Remotely . | . . . Salvage Created 968 | 150 608 210 Parts 54 | 8 33 13 Haulers Intercepted 2 | . 2 . Recyclers Shooed . | . . . Parts Field Recycled . | . . . Retrieved Matter . | . . . Parts Self-Destructed . | . . . Prevented . | . . . Kills | -11 -10 -10 ------- Run | Yrd Mat Min Combat Hostiles Destroyed 21 | . 11 10 Guns 19 | . 9 10 AOE 2 | . 2 . Classes Destroyed 9 | 2 4 3 Worker 2 | . . 2 Builder 1 | . . 1 Tunneler 3 | 3 . . Hauler 2 | . 2 . Recycler 1 | 1 . . Watcher 2 | . 2 . Swarmer 6 | . 2 4 Grunt 9 | . 9 . Assembled 6 | . . 6 Best Kill Streak 6 | 2 5 6 Combat Bots Only 6 | . 3 6 Max Kills in Single Turn 1 | 1 1 1 Gunslinging . | . . . Exploded 1 | . 1 . Melee . | . . . Uniques/NPCs Destroyed . | . . . Combat | -11 -10 -10 -------- Run | Yrd Mat Min Hostile Shots Fired 136 | . 60 76 Missed 36 | . 22 14 Damage Taken 1085 | . 396 689 Core 252 | . 108 144 Absorbed by Shields . | . . . Core Remaining (%) 100 | 100 . . Volleys Fired 110 | 14 54 42 Largest 2 | 2 2 2 Hottest 90 | 60 90 90 Shots Fired 217 | 28 105 84 Gun 217 | 28 105 84 Cannon . | . . . Launcher . | . . . Special . | . . . Kinetic 111 | 24 25 62 Thermal 6 | . . 6 Explosive . | . . . Electromagnetic 100 | 4 80 16 Robot Hit Streak 8 | 7 8 7 Robot Miss Streak 8 | 1 8 5 Penetration Max . | . . . Secondary Targets 1 | . . 1 Max Gunslinging Chain 1 | . . 1 Shots Hit Robots 113 | 20 54 39 Core Hits 46 | 9 18 19 Critical Kills . | . . . Critical Parts Destroyed . | . . . Critical Strikes 2 | . 2 . Corrupt 2 | . 2 . Melee Attacks . | . . . Impact . | . . . Slashing . | . . . Piercing . | . . . Sneak Attacks . | . . . Combat Hostiles . | . . . Follow-up Attacks . | . . . Damage Inflicted 1842 | 210 1028 604 Guns 1689 | 210 875 604 Cannons . | . . . Explosions 153 | . 153 . Melee . | . . . Ramming . | . . . Kinetic 850 | 157 205 488 Thermal 190 | . 153 37 Explosive . | . . . Electromagnetic 802 | 53 670 79 Impact . | . . . Slashing . | . . . Piercing . | . . . Highest Corruption . | . . . Average Corruption . | . . . Corruption Purged . | . . . Corruption Blocked . | . . . Overload Shots . | . . . Overflow Damage . | . . . Projectiles . | . . . Explosions . | . . . Melee . | . . . Knockbacks . | . . . Impact . | . . . Kinetic . | . . . Secondary . | . . . Self-Inflicted Damage 26 | . 26 . Shots 1 | . 1 . Rammed . | . . . Targets Rammed . | . . . Kicked . | . . . Crushed . | . . . Highest Temperature 273 | 20 264 273 Average Temperature 88 | 15 96 75 Received Heat Transfer 211 | . 111 100 Siege Activations . | . . . Robots Corrupted 1 | . 1 . Combat Hostiles . | . . . Parts Fried 2 | . 1 1 Impact Corruptions . | . . . Robots Melted . | . . . Combat Hostiles . | . . . Parts Melted 2 | . . 2 Heat Transferred 361 | . 250 111 Parts Sabotaged . | . . . Parts Stolen . | . . . Parts Stripped . | . . . Power Chain Reactions 3 | . 3 . Alert | -11 -10 -10 ------- Run | Yrd Mat Min Peak Influence 180 | 20 180 95 Initial 13 | . 13 . Average 50 | 8 62 44 Maximum Alert Level . | . . . Low Security (%) 100 | 100 100 100 Level 1 . | . . . Level 2 . | . . . Level 3 . | . . . Level 4 . | . . . Level 5 . | . . . High Security . | . . . Max Security . | . . . Squads Dispatched 4 | . 4 . Investigation 4 | . 4 . Extermination . | . . . Reinforcement . | . . . Assault . | . . . Garrison . | . . . Intercept . | . . . Searches Triggered . | . . . Construction Impeded . | . . . Haulers Reinforced . | . . . Active Scanning Responses . | . . . Cargo Convoy Interrupts . | . . . Stealth | -11 -10 -10 --------- Run | Yrd Mat Min Distress Signals 1 | . 1 . Communications Jammed . | . . . Distress Signals . | . . . Times Spotted 44 | . 24 20 Peak Tracking Total 11 | . 4 11 Tactical Retreats 6 | . 1 5 Traps | -11 -10 -10 ------- Run | Yrd Mat Min Traps Triggered 3 | . 3 . Indirectly . | . . . Trap Hack Attempts . | . . . Triggered . | . . . Disarmed . | . . . Reprogrammed . | . . . Reused . | . . . Traps Extracted . | . . . Installed . | . . . Triggered . | . . . Machines | -11 -10 -10 ---------- Run | Yrd Mat Min Machines Disabled 1 | . 1 . Max in Single Turn 1 | . 1 . Machines Repaired . | . . . Machines Dismantled . | . . . Machines Sabotaged . | . . . Overloaded Fab Kills . | . . . Hacking | -11 -10 -10 --------- Run | Yrd Mat Min Machines Accessed 7 | . 7 . Terminals 7 | . 7 . Fabricators . | . . . Repair Stations . | . . . Recycling Units . | . . . Scanalyzers . | . . . Garrison Access . | . . . Total Hacks 17 | . 17 . Successful 11 | . 11 . Failed 5 | . 5 . Catastrophic . | . . . Database Lockouts 1 | . 1 . Manual . | . . . Terminals 17 | . 17 . Fabricators . | . . . Repair Stations . | . . . Recycling Units . | . . . Scanalyzers . | . . . Garrison Access . | . . . Terminal Hacks 11 | . 11 . Record 3 | . 3 . Prototype ID Bank 1 | . 1 . Alert Level 1 | . 1 . Locate Traps 1 | . 1 . Dispatch Records 1 | . 1 . Transport Status 2 | . 2 . Investigation Status 1 | . 1 . Zone Layout 1 | . 1 . Fabricator Hacks . | . . . Repair Station Hacks . | . . . Recycling Unit Hacks . | . . . Scanalyzer . | . . . Garrison Access Hacks . | . . . Unauthorized Hacks . | . . . Terminals . | . . . Fabricators . | . . . Repair Stations . | . . . Recycling Units . | . . . Scanalyzers . | . . . Garrison Access . | . . . Data Cores Recovered . | . . . Used . | . . . Hacking Detections 1 | . 1 . Full Trace Events . | . . . Feedback Events . | . . . Feedback Blocked . | . . . Robot Schematics Acquired . | . . . Robots Built . | . . . Authchips . | . . . Time . | . . . Total Robot Build Rating . | . . . Part Schematics Acquired . | . . . Parts Built . | . . . Authchips . | . . . Time . | . . . Total Part Build Rating . | . . . Parts Repaired . | . . . Time . | . . . Parts Recycled . | . . . Recycled Matter . | . . . Retrieved Matter . | . . . Retrieved Components . | . . . Parts Scanalyzed . | . . . Part Schematics Acquired . | . . . Parts Damaged . | . . . Bothacking | -11 -10 -10 ------------ Run | Yrd Mat Min Used RIF Installer . | . . . Robots Hacked . | . . . Non-combat . | . . . Combat . | . . . Robot Hacks Applied . | . . . Relay Couplers Released . | . . . Fabnet Peak Effective % . | . . . Robots Rewired . | . . . Allies Hacked . | . . . Hacks Repelled . | . . . Allies | -11 -10 -10 -------- Run | Yrd Mat Min Total Allies . | . . . Largest Group . | . . . Highest-Rated Group . | . . . Highest-Rated Ally . | . . . Total Orders . | . . . Ally Attacks . | . . . Total Damage . | . . . Kills . | . . . Allies Corrupted . | . . . Allies Melted . | . . . Intel | -11 -10 -10 ------- Run | Yrd Mat Min Robot Analysis Total . | . . . Derelict Logs Recovered 2 | . . 2 Drone Launches . | . . . Drone Recoveries . | . . . Exploration | -11 -10 -10 ------------- Run | Yrd Mat Min Turns Passed 2702 | 161 1245 1296 Spaces Moved 1420 | 91 736 593 Core 26 | 26 . . Treads . | . . . Legs 1394 | 65 736 593 Wheels . | . . . Hover . | . . . Flight . | . . . Fastest Speed 50 | 50 120 190 Average Speed 153 | 109 129 190 Slowest Speed 190 | 150 190 190 Overloaded Moves . | . . . Propulsion Burnouts . | . . . Robots Hopped . | . . . Cave-ins Triggered . | . . . Exploration Rate (%) 63 | 5 95 89 Regions Visited 2 Branch Regions 1 Pre-discovered Areas . | . . . Known Exits Taken 1 | . 1 . Unknown Exits Taken 1 | 1 . . Scrap Searched 1 | . . 1 Spaces Dug . | . . . Terrain Destroyed 13 | . 13 . Melee . | . . . Projectile . | . . . AOE 13 | . 13 . Terrain Rammed . | . . . Walls Destroyed . | . . . Machines Disabled . | . . . Actions | -11 -10 -10 --------- Run | Yrd Mat Min Total 1721 | 125 921 675 Wait 116 | . 92 24 Move 1418 | 90 735 593 Hop . | . . . Pick Up 26 | 10 15 1 Fast Attach 5 | 1 3 1 Attach 10 | 6 2 2 Detach . | . . . Swap 21 | 3 9 9 Drop 15 | 1 11 3 Fire 110 | 14 54 42 Melee . | . . . Ram . | . . . Kick . | . . . Crush . | . . . Escape Stasis . | . . . Rewire . | . . . Trap . | . . . Miscellaneous . | . . . Route ------- -11/Scrapyard -10/Materials (discovered 5 exits: *Mat x3 / *Min x2) -10/Mines (discovered 2 exits: *Mat x2) History --------- Turn | Location | Event 7 | -11/Scrapyard | Discovered new exit (range 15) 162 | -11/Scrapyard | Entered Materials 263 | -10/Materials | Discovered new exit (range 14) 309 | -10/Materials | Build established: Mutant 386 | -10/Materials | Identified exit to Mines 673 | -10/Materials | Discovered new exit (range 15) 689 | -10/Materials | Identified exit to Materials 805 | -10/Materials | Discovered exit to Materials (range 9) 805 | -10/Materials | Discovered exit to Mines (range 15) 891 | -10/Materials | Discovered exit to Materials (range 5) 1287 | -10/Materials | Central database locked down 1407 | -10/Materials | Entered Mines 1411 | -10/Mines | Core integrity fell below 50% 1442 | -10/Mines | Met a Derelict bent on vengeance 1606 | -10/Mines | Discovered exit to Materials (range 5) 1817 | -10/Mines | Discovered exit to Materials (range 6) 2048 | -10/Mines | Assembled infested the area 2055 | -10/Mines | Learned location of 1 exit from Materials 2138 | -10/Mines | Learned Materials trap positions 2298 | -10/Mines | Core integrity fell below 20% 2703 | -10/Mines | Destroyed by S-10 Pest with Light Assault Rifle Last Messages --------------- K-01 Serf collects debris. U-05 Engineer lays Concrete. U-05 Engineer builds a Wall. U-05 Engineer lays Concrete. U-05 Engineer builds a Wall. K-01 Serf collects debris. U-05 Engineer builds a Wall. U-05 Engineer lays Concrete. U-05 Engineer builds a Wall. K-01 Serf collects debris. Acquired 17 matter. Acquired 8 matter. Acquired 20 matter. Acquired 30 matter. Acquired 46 matter. Sml. Matter Pod melted. K-01 Serf destroyed. Acquired 7 matter. K-01 Serf collects debris. S-10 Pest destroyed. Map ----- +----------------------------------------------------+ | ###??????????#####??## #?????????????? | | ##??????????######### #????????###### | | ### ##????? < #???????### | | ##### ##??????????## ###### #??????### | | #########??????????## ##???# #??????## | | #########??????????## ##???### ############ | | #####??????????????## ##????##!########### | | ##??????????????## ##????## ! ### # | | ### ##?????????????### ########/####### #### ## | | ### ##?????????????### ######## ####### ########## | | ?## ##?????????????## ####### ########## | | ?## ##?????????????## #########+####### # | | ?## ##?????????????## ######### ########## # | | ?## ##?????????????## ##????### ######### # | | ?## ##??????#### # # ????### ######## # | | ?## ##??????######### ##????## ## ### # | | ?## ##??????## # ????## ## ## # | | ?## ##??????## ###### ##????### #### ## | | ?## #?????? # ## # # ##????########## #### | | ?### ??????????????## ##?????############ ##### | | ?### ??????????????##%##????????????############## | | ???? ?????????????### ########?????????########## | | ???? ????????????#### #########???????????????## | | ???? ????????????### ## #######???????????## | | ???? ????????????## ss######???????????### | | ??? ???????????## @ $[ ""??????### | | ???###???????????### ########## ?????????## | | ???###???????????#### ############# ?????????## | | ??????????????????###########??????????????????## | | ???????????????????#######?????????????????????### | | ???????????????????????????????????????????????### | | ????????????????????????????????????????????????## | | ?????????????????????????????????????????????????? | | ?????????????????????????????????????????????????? | | ?????????????????????????????????????????????????? | | ?????????????????????????????????????????????????? | | | | | | | | | | | | | | | | | | | | | | | | | | | | | +----------------------------------------------------+ Best States ------------- Heat Dissipation 25 Energy Generation 10 Energy Capacity 250 Matter Stores 300 Matter Capacity 300 Sight Range 16 Terrain Scan Range 16 Terrain Scan Density 10 Armor Coverage 150 Evasion (%) 55 Targeting Accuracy 5 Item Schematics ----------------- None Robot Schematics ------------------ None Fabricated ------------ Nothing Alien Tech Used ----------------- None Achievements -------------- None Challenges ------------ None Game ------ Seed CorruptionCoreCompactor Manual? 0 Play Time 00:19:58 Cumulative 23.1 hours Start 2024.04.15 @ 20:55:08 End 2024.04.15 @ 21:14:48 Sessions 3 Manual Loads 0 Difficulty Rogue Special Mode None Game No. 28 Rogue 28 Adventurer 0 Explorer 0 Win Type - Total 0 Types 0/0/0/0/0/0/0/0/0 Lore% 19 Gallery% 33 Achievement% 20 Wizard Run 0 Options --------- Layout 1 ASCII 0 Keyboard 0 Movement Numpad Keybinds 0 Fullscreen 1 Font 24/Smallcaps Map View 50x40 Zoom Use 0% Tactical HUD 0 Map Filters NONE Filters NONE Steam 1 RUN: c58b9464-ff8f-4a3c-91d0-d9402ea3e483